 Dungeon Crawl Stone Soup version 0.31-a0-931-g7b59d4eb97 (webtiles) character file.

Game seed: 10970519525968251434

444 ZionofLight the Magician (level 6, -1/33 HPs)
             Began as a Deep Elf Earth Elementalist on Oct 19, 2023.
             Was a High Priest of Ignis.
             Slain by a gnoll
             ... wielding a +0 spear
             ... led by a gnoll bouda
              (4 damage)
             ... on level 5 of the Dungeon.
             The game lasted 00:18:28 (3985 turns).

ZionofLight the Magician (DEEE)                     Turns: 3985, Time: 00:18:28

Health: -1/33      AC:  5    Str:  5    XL:     6   Next: 72%
Magic:  13/17      EV: 13    Int: 22    God:    Ignis [*****.]
Gold:   356        SH:  0    Dex: 15    Spells: 17/18 levels left

rFire   + . .        i - +3 dagger (holy)
rCold   . . .        (no shield)
rNeg    . . .        a - +0 robe
rPois   .            (no helmet)
rElec   .            (no cloak)
rCorr   .            o - +2 pair of gloves
SInv    .            (no boots)
Will    .....        (no amulet)
Stlth   ++           (no ring)
HPRegen 0.25/turn    (no ring)
MPRegen 0.15/turn

%: no passive effects
@: no status effects
A: no striking features
a: Renounce Religion, Fiery Armour, Foxfire Swarm, Rising Flame


You were on level 5 of the Dungeon.
You worshipped Ignis.
Ignis was extremely pleased with you.
You visited 1 branch of the dungeon, and saw 5 of its levels.

You collected 356 gold pieces.

Inventory:

Hand Weapons
 d - a +0 dagger
 i - a +3 dagger of holy wrath (weapon)
 m - a +0 sling
 C - a +0 orcbow
Missiles
 g - 2 boomerangs
 r - 12 stones
 t - 2 throwing nets
Armour
 a - a +0 robe (worn)
 c - a +0 scale mail
 e - a +0 chain mail
 h - a +0 robe
 j - a +0 robe
 o - a +2 pair of gloves (worn)
Jewellery
 y - a ring of resist corrosion
Talismans
 x - a blade talisman
Wands
 p - a wand of digging (5)
 v - a wand of paralysis (10)
Scrolls
 f - 2 scrolls of teleportation
 w - a scroll of fog {unknown}
 B - 2 scrolls of identify
Potions
 b - a potion of magic
 k - a potion of lignification
 l - a potion of berserk rage
 n - 2 potions of degeneration
 q - a potion of brilliance {unknown}
 s - 2 potions of curing
 u - a potion of resistance {unknown}
 z - a potion of invisibility {unknown}
 A - a potion of enlightenment {unknown}


   Skills:
 + Level 0.5 Fighting
 + Level 0.1 Short Blades
 + Level 2.8 Dodging
 + Level 3.2 Stealth
 + Level 6.7 Spellcasting
 + Level 1.1 Transmutations
 + Level 6.1 Earth Magic


You had 17 spell levels left.
You knew the following spells:

 Your Spells              Type           Power      Damage    Failure   Level
a - Sandblast             Erth           68%        2d15      1%          1

Your spell library contained the following spells:

 Spells                   Type           Power      Damage    Failure   Level
 Passwall                 Tmut/Erth      19%        N/A       3%          2
 Stone Arrow              Conj/Erth      40%        3d9       7%          3
 Magic Dart               Conj           28%        1d4       9%          1
 Searing Ray              Conj           14%        2d5       13%         2
 Petrify                  Tmut/Erth      23%        N/A       19%         4
 Brom's Barrelling Bould  Conj/Erth      20%        2d4       24%         4
 Dazzling Flash           Conj/Hex       14%        N/A       26%         3
 Gell's Gravitas          Tloc           7%         N/A       26%         3
 Hailstorm                Conj/Ice       7%         3d4       26%         3
 Teleport Other           Tloc           7%         N/A       26%         3
 Volatile Blastmotes      Fire/Tloc      14%        2d11      26%         3
 Fulminant Prism          Conj/Hex       3%         3d5       63%         4
 Summon Ice Beast         Ice/Summ       7%         N/A       63%         4
 Dispersal                Tloc           3%         N/A       100%        6
 Simulacrum               Ice/Necr       3%         N/A       100%        6
 Starburst                Conj/Fire      3%         6d3       100%        6
 Maxwell's Capacitive Co  Air            3%         ∞         100%        8


Dungeon Overview and Level Annotations

Branches:
Dungeon (5/15)
 Temple: D:4-7

Altars:
Makhleb
Ignis


Message History

Press: ? - help, Q - select action, (/) - cycle Shift-Dir - straight line, f - gnoll
Aim: a gnoll, wielding a +0 flail (86% to hit)
The blast of sand hits the gnoll!!
You kill the gnoll!
The gnoll bouda barks out a call to the hunt!
The gnoll picks up the pace!
A gnoll comes into view. It is wielding a +0 halberd. x2
A gnoll comes into view. It is wielding a +0 spear.
The gnoll shouts!
Aiming: Sandblast (safe; 1% risk of failure)
Press: ? - help, Q - select action, (/) - cycle Shift-Dir - straight line, f - gnoll
Aim: a gnoll, wielding a +0 club (covering ground quickly, 86% to hit)
The blast of sand hits the gnoll!
You kill the gnoll!
Aiming: Sandblast (safe; 1% risk of failure)
Press: ? - help, Q - select action, (/) - cycle Shift-Dir - straight line, f - gnoll bouda
Aim: a gnoll bouda, wielding a +0 club and wearing a +0 leather armour (86% to hit)
The blast of sand hits the gnoll bouda!
The gnoll bouda is moderately wounded.
Aiming: Sandblast (safe; 1% risk of failure)
Press: ? - help, Q - select action, (/) - cycle Shift-Dir - straight line, f/p - gnoll bouda
Aim: a gnoll bouda, wielding a +0 club and wearing a +0 leather armour (moderately wounded, 86% to hit)
The blast of sand hits the gnoll bouda!
The gnoll bouda is severely wounded.
The gnoll misses you.
The gnoll hits you from afar with a +0 halberd!
Aiming: Sandblast (safe; 1% risk of failure)
Press: ? - help, Q - select action, (/) - cycle Shift-Dir - straight line, f/p - gnoll bouda
Aim: a gnoll bouda, wielding a +0 club and wearing a +0 leather armour (severely wounded, 86% to hit)
The blast of sand hits the gnoll bouda but does no damage.
The gnoll bouda is severely wounded.
The gnoll hits you from afar with a +0 spear!
The gnoll closely misses you. The gnoll misses you.
The gnoll bouda hits you with a +0 club.
The gnoll closely misses you.
The gnoll hits you from afar with a +0 halberd!
* * * LOW HITPOINT WARNING * * *
The gnoll closely misses you. The gnoll bouda barely misses you.
The gnoll hits you from afar with a +0 spear.
You die...

###### .....# .....#
.>...# .....# .....# ###
.....###############.....
.###............@.g......
.# #...............g)....
.###..............gg.....
....................)....
..##################.....
..# ..... ..# .... ###
....


You could see a gnoll bouda and 3 gnolls.

Vanquished Creatures
  A black bear (D:4)
  A centaur (D:5)
  A phantom (D:4)
  5 adders
  6 gnolls (D:5)
  2 worms
  A dart slug (D:5)
  4 orcs
  9 endoplasms
  6 giant cockroaches
  8 goblins
  5 hobgoblins
  3 jackals (D:4)
  2 quokkas (D:2)
  10 ball pythons
  9 bats
  4 frilled lizards
  8 kobolds
  9 rats
94 creatures vanquished.

Notes
Turn   | Place    | Note
-------+----------+-------------------------------------------
     0 | D:1      | ZionofLight the Deep Elf Earth Elementalist began the quest
                  | for the Orb.
     0 | D:1      | Reached XP level 1. HP: 10/10 MP: 6/6
   234 | D:1      | Reached XP level 2. HP: 15/15 MP: 6/8
  1026 | D:2      | Reached XP level 3. HP: 19/19 MP: 6/10
  1528 | D:2      | Reached XP level 4. HP: 24/24 MP: 9/12
  1658 | D:2      | Found a faded altar of an unknown god.
  1682 | D:2      | Prayed at the altar of an unknown god.
  1682 | D:2      | Became a worshipper of Ignis, the Dying Flame
  2227 | D:3      | Reached skill level 5 in Spellcasting
  2899 | D:4      | Noticed a black bear
  2901 | D:4      | Killed a black bear
  2902 | D:4      | Reached skill level 5 in Earth Magic
  2902 | D:4      | Reached XP level 5. HP: 28/28 MP: 12/15
  3020 | D:4      | Noticed a phantom
  3021 | D:4      | Noticed a phantom
  3035 | D:4      | Killed a phantom
  3235 | D:4      | Reached XP level 6. HP: 32/32 MP: 15/17
  3712 | D:5      | Entered Level 5 of the Dungeon
  3889 | D:5      | Found a burning altar of Makhleb.
  3985 | D:5      | Slain by a gnoll

Illustrated notes

Levels and vault maps discovered:
D:1:      evilmike_arrival_fibonacci_small, layout_basic, wad_woods_river_04,
          serial_bayou_pond_a
D:2:      layout_rooms, dreamdust_ecumenical_altar_hidden_monk_grotto,
          minmay_vboxes
D:3:      layout_loops_ring, roderic_lattice_a, dreamdust_princess_corridor,
          fountainhead, minmay_ruptured
D:4:      layout_basic
D:5:      layout_gridville, grunt_temple_overflow_open, amcnicky_altar_gilded,
          minmay_misc_feat_tower, minmay_pentangle

Skill      XL: |  1  2  3  4  5  6 |
---------------+-------------------+-----
Earth Magic    | 4 5 6 |  6.1
Spellcasting   | 4 5 6 |  6.7
Stealth        | 3 |  3.2
Fighting       | |  0.5
Short Blades   | |  0.1
Dodging        | |  2.8
Transmutations | |  1.1

Action                     |  1- 3 |  4- 6 || total
---------------------------+-------+-------++-------
  Melee: Dagger            |    17 |    24 ||    41
   Cast: Sandblast         |    55 |    69 ||   124
    Use: Scroll            |     3 |     5 ||     8
         Potion            |     2 |       ||     2
 Armour: Chain mail        |    18 |       ||    18
         Robe              |    11 |    39 ||    50
  Dodge: Dodged            |    16 |    47 ||    63

Table legend: (Time is in decaauts)
 A = Elapsed time spent in this place.
 B = Non-inter-level travel time spent in this place.
 C = Inter-level travel time spent in this place.
 D = Time resting spent in this place.
 E = Time spent auto-exploring this place.
 F = Levels seen in this place.
 G = Mean time per level.
                   A        B        C        D        E       F      G
               +--------+--------+--------+--------+--------+-----+--------+
         Total |   4064 |   3893 |    171 |      0 |   2619 |   5 |  812.8 |
       Dungeon |   4064 |   3893 |    171 |      0 |   2619 |   5 |  812.8 |
               +--------+--------+--------+--------+--------+-----+--------+

Top non-repeatable levels by time:
     D:3: 1066 daAuts
     D:1: 989 daAuts
     D:4: 924 daAuts
     D:2: 802 daAuts
     D:5: 281 daAuts
